 Dungeon Crawl Stone Soup version 0.31.0-32-g396128a36d (webtiles) character file.

Game seed: 14368782164193318011

2144 Gabide the Spear-Bearer (level 8, -4/70 HPs)
             Began as a Demigod Fighter on Apr 20, 2024.
             Slain by Maggie
             ... wielding a +2 scimitar of distortion
              (7 damage)
             ... on level 7 of the Dungeon.
             The game lasted 00:10:40 (6475 turns).

Gabide the Spear-Bearer (Demigod Fighter)           Turns: 6475, Time: 00:10:40

Health: -4/70      AC: 22    Str: 25    XL:     8   Next: 83%
Magic:  19/19      EV:  8    Int: 10    God:
Gold:   347        SH:  9    Dex: 13    Spells: 7/7 levels left

rFire   . . .        b - +2 trident (protect)
rCold   . . .        c - +0 buckler
rNeg    + + +        m - +0 chain mail
rPois   +            k - +0 helmet
rElec   .            u - +2 cloak
rCorr   .            d - +0 pair of gloves
SInv    .            n - +0 pair of boots
Will    .....        l - amulet of reflection Stlth
                     f - ring of the Forging Gods {rN+++ MP+9}
HPRegen 0.31/turn    i - ring of poison resistance
MPRegen 0.16/turn

%: reflection
@: under a protective aura, mesmerised
A: high MP 1, forlorn, divine attributes
a: no special abilities


You were on level 7 of the Dungeon.
You visited 2 branches of the dungeon, and saw 8 of its levels.

You collected 347 gold pieces.

Inventory:

Hand Weapons
 a - a +1 heavy trident
 b - a +2 trident of protection (weapon)
Missiles
 q - 5 javelins (quivered)
Armour
 c - a +0 buckler (worn)
 d - a +0 pair of gloves (worn)
 k - a +0 helmet (worn)
 m - a +0 chain mail (worn)
 n - a +0 pair of boots (worn)
 u - a +2 cloak (worn)
Jewellery
 f - the ring of the Forging Gods (left hand) {rN+++ MP+9}
   (You acquired it on level 1 of the Dungeon)

   [ring of magical power]

   rN+++:     It renders you almost immune to negative energy.
   MP+9:      It affects your magic capacity (+9).
 g - an amulet of regeneration
 i - a ring of poison resistance (right hand)
 l - an amulet of reflection (around neck)
 s - a ring of fire
 y - a ring of magical power
Wands
 t - a wand of flame (8)
Scrolls
 e - 3 scrolls of teleportation
 o - a scroll of brand weapon
 v - a scroll of revelation
Potions
 h - a potion of cancellation
 j - a potion of lignification {unknown}
 p - 2 potions of resistance
 r - a potion of mutation {unknown}
 w - a potion of curing
 z - a potion of heal wounds {unknown}


   Skills:
 + Level 6.2 Fighting
 * Level 9.2 Polearms
 + Level 3.3 Armour
 + Level 1.2 Dodging
 - Level 3.0 Shields


You had 7 spell levels left.
You didn't know any spells.
Your spell library contained the following spells:

 Spells                   Type           Power      Damage    Failure   Level
 Foxfire                  Conj/Fire      0%         2x1d4     94%         1
 Sublimation of Blood     Necr           0%         N/A       98%         2
 Hailstorm                Conj/Ice       0%         3d5       100%        3
 Summon Ice Beast         Ice/Summ       0%         N/A       100%        3
 Petrify                  Alch/Erth      0%         N/A       100%        4
 Irradiate                Conj/Alch      0%         3d11      100%        5
 Plasma Beam              Fire/Air       0%         2x1d10    100%        6
 Sculpt Simulacrum        Ice/Alch       0%         N/A       100%        6
 Starburst                Conj/Fire      0%         6d3       100%        6


Dungeon Overview and Level Annotations

Branches:
Dungeon (7/15)             Temple (1/1) D:7

Shops:
D:2 =

Annotations:
D:7 Maggie


Innate Abilities, Weirdness & Mutations

You have an increased reservoir of magic. (+10% MP)
You shall have no god before yourself.
Your divine heritage dramatically boosts your attributes as you level up.


Message History

You hit Maggie.
Maggie is heavily wounded.
Maggie hits you with a +2 scimitar of distortion.
Space warps around you. Something hits you but does no damage.
You hit Maggie but do no damage.
Maggie is heavily wounded.
Something hits you but does no damage. Maggie casts a spell at you.
The bolt of fire hits you! Something hits you but does no damage.
You barely miss Maggie.
Maggie is heavily wounded.
Something hits you but does no damage.
You hit Maggie but do no damage.
Maggie is heavily wounded.
Maggie points at you and mumbles some strange words.
The bolt of fire hits you!!
* * * LOW HITPOINT WARNING * * *
Something hits you but does no damage.
You closely miss Maggie.
Maggie is heavily wounded.
Something hits you but does no damage.
Maggie mumbles some strange words.
Maggie draws you further into her thrall.
Something hits you.
* * * LOW HITPOINT WARNING * * *
You feel better. Something hits you but does no damage.
Maggie closely misses you. Something hits you but does no damage.
You closely miss Maggie.
Maggie is heavily wounded.
You block something's attack.
Maggie hits you with a +2 scimitar of distortion.
* * * LOW HITPOINT WARNING * * *
Space warps around you.
* * * LOW HITPOINT WARNING * * *
You block something's attack.
You hit Maggie.
Maggie is heavily wounded.
Something hits you but does no damage. Maggie hits you but does no damage.
Space warps around you!
You die...

##########..(# #....
............###....
#.#...#.#...........
#.#..#.#.#..####.... ..
#.#.#.#.#.#.# #.... ...
#.#..#.>.#..# #....
?..#####.#.#.#.#.#.#####'##
...........#.#.#..........
#......{@..#.#...........
#......@{................
#.......##.####..........
#....)..##.# #..†######
#............ #...##...#
#..).....!... #...<.....
#(.?.......... #.........
.(...............#.........
...(..............
#...######


You could see Maggie (mesmerising).

Vanquished Creatures
  A steam dragon (D:6)
  Menkaure (D:5)
  A water moccasin (D:6)
  A black bear (D:5)
  2 ogres
  2 centaurs (D:6)
  A phantom (D:6)
  Blork the orc (D:4)
  3 kobold brigands
  A bullfrog (D:6)
  3 wights (D:6)
  A jelly (D:4)
  4 orc priests
  A hound (D:4)
  A sleepcap (D:5)
  Natasha (D:3)
  6 iguanas
  10 gnolls (D:3)
  10 adders
  3 shadow imps
  3 dart slugs
  4 ribbon worms
  19 orcs
  4 bats
  9 endoplasms
  5 giant cockroaches
  10 goblins
  15 hobgoblins
  3 quokkas
  12 ball pythons
  2 frilled lizards
  44 kobolds
  6 rats
190 creatures vanquished.

Vanquished Creatures (others)
  2 wights (D:6)
  An orc wizard (D:3)
  A kobold (D:6)
4 creatures vanquished.

Grand Total: 194 creatures vanquished

Notes
Turn   | Place    | Note
-------+----------+-------------------------------------------
     0 | D:1      | Gabide the Demigod Fighter began the quest for the Orb.
     0 | D:1      | Reached XP level 1. HP: 18/18 MP: 3/3
    58 | D:1      | Reached skill level 2 in Polearms
   193 | D:1      | Reached XP level 2. HP: 23/25 MP: 4/4
   713 | D:1      | Identified a scroll of acquirement
   713 | D:1      | Acquired the ring of the Forging Gods {rN+++ MP+9}
   856 | D:2      | Found Qaphaqus's Jewellery Shop.
   862 | D:2      | Reached XP level 3. HP: 31/31 MP: 5/5
  1046 | D:2      | Reached skill level 3 in Polearms
  1165 | D:2      | Reached XP level 4. HP: 31/38 MP: 6/6
  1532 | D:3      | Reached skill level 4 in Polearms
  1678 | D:3      | Reached XP level 5. HP: 45/45 MP: 7/7
  1971 | D:3      | Reached skill level 5 in Polearms
  2521 | D:3      | Reached XP level 6. HP: 18/51 MP: 8/8
  2751 | D:3      | Reached skill level 6 in Polearms
  2932 | D:3      | Noticed Natasha
  2955 | D:3      | Killed Natasha
  3412 | D:4      | Reached XP level 7. HP: 56/59 MP: 9/9
  3606 | D:4      | Noticed Blork the orc
  3615 | D:4      | Killed Blork the orc
  3616 | D:4      | Reached skill level 7 in Polearms
  4302 | D:5      | Entered Level 5 of the Dungeon
  4334 | D:5      | Noticed Menkaure
  4338 | D:5      | Killed Menkaure
  4887 | D:5      | Reached skill level 5 in Fighting
  4887 | D:5      | Reached skill level 8 in Polearms
  4887 | D:5      | Reached XP level 8. HP: 27/68 MP: 10/10
  5789 | D:6      | Reached skill level 9 in Polearms
  5871 | D:6      | Reached skill level 1 in Dodging
  6332 | D:7      | Found a staircase to the Ecumenical Temple.
  6441 | Temple   | Entered the Ecumenical Temple
  6452 | D:7      | Noticed Maggie
  6474 | D:7      | HP: 2/70 [Maggie/+2 scimitar of distortion (4)]
  6475 | D:7      | Slain by Maggie

Illustrated notes

Levels and vault maps discovered:
D:1:      minmay_arrival_nine_rooms, layout_rooms,
          shapermc_ecumenical_altar_totnotflames, minivault_4
D:2:      layout_basic, serial_shops, shop
D:3:      minmay_goblin_kobold_castle, layout_loops_ring,
          guppyfry_early_orc_mine, uniq_natasha
D:4:      layout_loops_ring, nicolae_wu_jian_immortal_techniques,
          supply_closet_lemuel, uniq_blork_the_orc
D:5:      layout_basic, uniq_menkaure
D:6:      layout_loops_ring, overflow_temple_1_default, minivault_11
D:7:      layout_gridville, minmay_temple_entry_grid, serial_shops,
          nicolae_shop_tiny_real_fake_doors, uniq_maggie
Temple:   chequers_temple_sunken

Skill      XL: |  1  2  3  4  5  6  7  8 |
---------------+-------------------------+-----
Polearms       | 2 3 4 5 6 8 9 |  9.2
Armour         | 3 |  3.3
Fighting       | 3 4 5 6 |  6.2
Shields        | 3 |  3.0
Dodging        | 1 |  1.2

Action                     |  1- 3 |  4- 6 |  7- 9 || total
---------------------------+-------+-------+-------++-------
  Melee: Trident           |   130 |   347 |   161 ||   638
  Throw: Javelin           |       |       |     4 ||     4
    Use: Scroll            |     3 |     2 |     9 ||    14
         Potion            |       |     1 |     3 ||     4
   Stab: Held in net/web   |       |     1 |       ||     1
         Invisible         |       |       |     3 ||     3
 Armour: Scale mail        |    58 |       |       ||    58
         Chain mail        |    35 |   237 |   118 ||   390
  Dodge: Dodged            |    31 |    92 |    53 ||   176
  Block: Buckler           |    22 |   194 |    73 ||   289
         Reflection        |       |    18 |     8 ||    26
